 Dungeon Crawl Stone Soup version 0.27.1-1-g398f81649c (webtiles) character file.

Game seed: 7795871596752236689

32 a11behringer the Cudgeller (level 3, 0/46 HPs)
             Began as a Minotaur Berserker on Sept 11, 2021.
             Was a Follower of Trog.
             Slain by an iron imp (7 damage)
             ... summoned by Eustachio
             ... on level 4 of the Dungeon.
             The game lasted 00:05:03 (1323 turns).

a11behringer the Cudgeller (Minotaur Berserker)     Turns: 1323, Time: 00:05:06

Health: 0/46       AC:  5    Str: 21    XL:     3   Next: 10%
Magic:  2/2        EV: 11    Int:  4    God:    Trog [*.....]
Gold:   26         SH:  0    Dex: 10    Spells: 2/2 levels left

rFire    . . .     SeeInvis .   a - +0 mace
rCold    . . .     Faith    .   (no shield)
rNeg     . . .     Spirit   .   e - +0 ring mail
rPois    .         Reflect  .   (helmet restricted)
rElec    .         Harm     .   (no cloak)
rCorr    .         Rampage  .   (no gloves)
Will     ++...                  (no boots)
Stlth    ..........             (no amulet)
HPRegen  1.15/turn              (no ring)
MPRegen  0.08/turn              (no ring)

@: berserking (expiring), lethally poisoned (0 -> -1), strong-willed,
regenerating, very quick
A: horns 2, retaliatory headbutt
a: Renounce Religion, Berserk


You were on level 4 of the Dungeon.
You worshipped Trog.
Trog was aware of your devotion.
You visited 1 branch of the dungeon, and saw 3 of its levels.

You collected 26 gold pieces.

Inventory:

Hand Weapons
 a - a +0 mace (weapon)
 c - a +0 whip
 d - a +0 flail
Armour
 b - a +0 animal skin
 e - a +0 ring mail (worn)
Scrolls
 f - a scroll of enchant weapon {unknown}


   Skills:
 - Level 3.6 Fighting
 * Level 5.2 Maces & Flails
 - Level 2.4 Armour
 - Level 2.1 Dodging


You had 2 spell levels left.
You didn't know any spells.
Your spell library was empty.

Dungeon Overview and Level Annotations

Branches:
Dungeon (2/15)

Altars:
The Shining One

Annotations:
D:4 Eustachio


Innate Abilities, Weirdness & Mutations

You have a pair of horns on your head.
You reflexively headbutt those who attack you in melee.


Message History

You feel a strong urge to attack something.
You thump the iron imp!
The iron imp is heavily wounded.
The crimson imp blinks!
The iron imp hits you. x2
You sock the iron imp!
You kill the iron imp!
The ufetubus disappears in a puff of smoke!
The crimson imp disappears in a puff of smoke!
Eustachio gestures wildly while chanting.
You bludgeon the white imp!!
You kill the white imp!
A giant cockroach comes into view.
The iron imp hits you.
Eustachio says, "My allies will avenge me."
Eustachio casts a spell.
Eustachio blinks!
You barely miss the giant cockroach.
Your headbutt misses the giant cockroach.
The giant cockroach barely misses you.
Eustachio gestures wildly while chanting.
Eustachio blinks!
The iron imp hits you. The white imp completely misses you.
You barely miss the giant cockroach.
The iron imp disappears in a puff of smoke!
The giant cockroach bites you but does no damage.
Eustachio barely misses you. The white imp hits you. The white imp freezes you.
You hit the giant cockroach.
You kill the giant cockroach!
Trog accepts your kill. The iron imp hits you.
Eustachio hits you with a +2 rapier of venom!
* * * LOW HITPOINT WARNING * * *
You are poisoned.
You barely miss Eustachio. You headbutt Eustachio!!
Eustachio is heavily wounded.
You feel sick. The white imp hits you.
* * * LOW HITPOINT WARNING * * *
The white imp freezes you.
* * * LOW HITPOINT WARNING * * *
The iron imp hits you!
You die...

# # .# #. #.#
#..##### #..#
#....@@#+#...#
#..##55).....#+
# ##........##
#.........###
+#..$........
#.........#
##........##
#........#+
.....#+#...#


You could see Eustachio, an iron imp (summoned) and a white imp (summoned).

Vanquished Creatures
  A dart slug (D:2)
  A ball python (D:1)
  2 endoplasms
  A giant cockroach (D:4)
  4 goblins (D:1)
  5 hobgoblins (D:1)
  A quokka (D:1)
  2 frilled lizards
  8 kobolds
  4 rats (D:1)
29 creatures vanquished.

Vanquished Creatures (others)
  A plant (D:1)
1 creature vanquished.

Grand Total: 30 creatures vanquished

Notes
Turn   | Place    | Note
-------+----------+-------------------------------------------
     0 | D:1      | a11behringer the Minotaur Berserker began the quest for the
                  | Orb.
     0 | D:1      | Reached XP level 1. HP: 19/19 MP: 0/0
    32 | D:1      | Reached skill level 4 in Maces & Flails
   427 | D:1      | Reached XP level 2. HP: 23/26 MP: 1/1
  1047 | D:1      | Reached skill level 5 in Maces & Flails
  1197 | D:2      | Reached ** piety under Trog
  1200 | D:2      | Reached XP level 3. HP: 30/31 MP: 2/2
  1216 | D:2      | Found a glowing golden altar of the Shining One.
  1303 | D:2      | You fall into a shaft and drop 2 floors!
  1309 | D:4      | Noticed Eustachio
  1323 | D:4      | Slain by an iron imp

Illustrated notes

Levels and vault maps discovered:
D:1:      roderic_crossed_star, layout_rooms, serial_forest,
          infiniplex_forest_zigzag_2, infiniplex_forest_corner_1,
          infiniplex_forest_lined_room_2, infiniplex_forest_3_way,
          infiniplex_forest_clump_tiny, infiniplex_forest_lined_1
D:2:      layout_basic, basic_altar, minmay_3d_cube
D:4:      layout_basic, minmay_temple_entry_enclosed_plants, serial_curves,
          eino_curves_03, eino_curves_01, minmay_pentangle, uniq_eustachio,
          uniq_edmund

Skill      XL: |  1  2 |
---------------+-------+-----
Maces & Flails | 4 5 |  5.2
Fighting       | |  3.6
Armour         | |  2.4
Dodging        | |  2.1

Action                   || total
-------------------------++-------
Melee: Mace              ||    61
       Headbutt          ||     9
Invok: Berserk           ||     1
       Trog's Hand       ||     1
Armor: Animal skin       ||     6
       Ring mail         ||     6
Dodge: Dodged            ||    50
